 Dungeon Crawl Stone Soup version 0.30.1-4-g462c640d31 (webtiles) character file.

Game seed: 15015084679497504539

1497 croobank the Covert (level 8, -8/55 HPs)
             Began as an Octopode Delver on Sept 1, 2023.
             Mangled by a shadow (13 damage)
             ... on level 6 of the Dungeon.
             The game lasted 00:12:34 (4716 turns).

croobank the Covert (Octopode Delver)               Turns: 4716, Time: 00:12:35

Health: -8/55      AC:  1    Str: 14    XL:     8   Next: 81%
Magic:  12/14      EV: 14    Int: 15    God:
Gold:   351        SH:  0    Dex: 13    Spells: 12/15 levels left

rFire   + . .        a - +5 quick blade of Fadi {elec, Fly rF+ Str+3}
rCold   . . .        (no shield)
rNeg    . . .        (helmet currently unavailable)
rPois   .            (no amulet)
rElec   .            (no ring)
rCorr   .            (no ring)
SInv    .            (no ring)
Will    .....        (no ring)
Stlth   +++++        (no ring)
HPRegen 0.29/turn    (no ring)
MPRegen 0.14/turn    (no ring)
                     (no ring)

%: no passive effects
@: mighty, about to teleport, appendages, wereblooded, flying
A: tentacle spike 3, almost no armour, amphibious, 8 rings, camouflage 1,
gelatinous body 1, (nimble swimmer 1), tentacles
a: End Transformation


You were on level 6 of the Dungeon.
One of your tentacles had grown a beastly spike.
You visited 1 branch of the dungeon, and saw 6 of its levels.

You collected 351 gold pieces.

Inventory:

Hand Weapons
 a - the +5 quick blade of Fadi (weapon) {elec, Fly rF+ Str+3}
   (You acquired it on level 3 of the Dungeon)

   Str:       It affects your strength (+3).
   rF:        It protects you from fire.
   Fly:       It grants you flight.
 b - a +0 arbalest
 g - a +0 short sword
 h - a +0 dagger of distortion
 l - a +1 short sword of distortion
 r - a +4 dagger of venom
Missiles
 m - 16 poisoned darts (quivered)
Jewellery
 e - a ring of poison resistance
Wands
 f - a wand of digging (3)
 q - a wand of mindburst (4)
 u - a wand of roots (6)
Scrolls
 c - a scroll of identify
 d - 4 scrolls of fear
 j - 2 scrolls of magic mapping
 k - 3 scrolls of teleportation
 n - a scroll of enchant armour {unknown}
 o - a scroll of vulnerability {unknown}
 t - 5 scrolls of noise
 w - 3 scrolls of immolation
 y - a scroll of butterflies {unknown}
Potions
 i - 2 potions of attraction
 p - a potion of might
 s - a potion of cancellation


   Skills:
 + Level 5.1 Fighting
 + Level 4.5 Short Blades
 + Level 4.5 Dodging
 + Level 8.8 Stealth
 + Level 4.0 Spellcasting
 + Level 3.7 Transmutations
 + Level 2.2 Ice Magic


You had 12 spell levels left.
You knew the following spells:

 Your Spells              Type           Power      Damage    Failure   Level
a - Beastly Appendage     Tmut           28%        N/A       4%          1
b - Wereblood             Tmut           14%        N/A       6%          2

Your spell library contained the following spells:

 Spells                   Type           Power      Damage    Failure   Level
 Freeze                   Ice            36%        1d5       8%          1
 Kiss of Death            Conj/Necr      12%        2d6       19%         1
 Frozen Ramparts          Ice            18%        1d3       22%         3
 Cigotuvi's Dreadful Rot  Necr/Pois/Air  6%         N/A       26%         2
 Spider Form              Tmut/Pois      8%         N/A       26%         3
 Ignite Poison            Fire/Tmut/Pois 6%         N/A       32%         3
 Hailstorm                Conj/Ice       6%         3d4       34%         3
 Confusing Touch          Hex            3%         N/A       47%         3
 Summon Ice Beast         Ice/Summ       6%         N/A       75%         4
 Dispel Undead            Necr           3%         3d7       87%         4
 Freezing Cloud           Conj/Ice/Air   2%         6-21      98%         5
 Summon Mana Viper        Hex/Summ       3%         N/A       99%         5
 Monstrous Menagerie      Summ           1%         N/A       100%        7


Dungeon Overview and Level Annotations

Branches:
Dungeon (6/15)
 Temple: D:4-7

Altars:
Uskayaw
Xom

Shops:
D:1 (


Innate Abilities, Weirdness & Mutations

One of your tentacles has grown a beastly spike.
You cannot wear most types of armour.
You are amphibious.
You can wear up to eight rings at the same time.
Your skin changes colour to match your surroundings (Stealth+).
Your rubbery body absorbs attacks. (AC +1, EV +1)
((You are camouflaged when in or above water. (Stealth+)))
You have tentacles for arms and can constrict up to eight enemies at once.


Message History

Your tentacle spike disappears.
You howl as the wereblood boils in your veins!
Your primal bloodlust has ended.
You now have 351 gold pieces (gained 6).
You reach down and open the door.
There is an open door here.
There is an open door here.
Casting: Wereblood (safe; 6% risk of failure)
Confirm with . or Enter, or press ? or * to list all spells.
One of your tentacles grows a vicious spike.
The shadow slips into darkness.
The shadow flickers and vanishes!
Deactivating autopickup; reactivate with Ctrl-A.
Casting: Beastly Appendage (safe; 4% risk of failure)
Confirm with . or Enter, or press ? or * to list all spells.
Your blood is infused with primal strength.
As you read the scroll of fog, it crumbles to dust.
The scroll dissolves into smoke.
The shadow strikes at you from the darkness!
Ouch! That really hurt!
Reactivating autopickup.
You hit the shadow but do no damage. The shadow hits you!
* * * LOW HITPOINT WARNING * * *
You barely miss the shadow.
You pierce the shadow.
You squeeze the shadow, but do no damage.
The shadow is lightly damaged.
You hit the shadow.
Your tentacle spike misses the shadow.
The shadow is lightly damaged.
The shadow hits you!
* * * LOW HITPOINT WARNING * * *
You feel very mighty all of a sudden. The shadow closely misses you.
Aiming: Fastroot
Press: ? - help, Shift-Dir - straight line, f - you The roots erupt in riotous growth!
The shadow is unaffected.
The shadow misses you.
Okay, then.
As you read the scroll of teleportation, it crumbles to dust.
You feel strangely unstable. The shadow hits you!
You die...

..# #..........# ..####
#..........+ #......
.....###..........# #......
..##..............# +.....[
..########'##.....######+##......
..# #....#....................
### ##...#.§§§§§.............. #
#...#.§§§§§.............. #
#...#.§§@W§§.....)....... #
#...#.§§§§§........#+#### #
#...#.§§§§§........# .... #
#...#<.§§.######'###..... #
#...#...§.#..............
#########...#.....#.......##.....
............#.....#.......## ...
.......###.##.....#........# .
.......#..........#........#


You could see a shadow.

Vanquished Creatures
  Prince Ribbit (D:5)
  Eustachio (D:4)
  A sky beast (D:6)
  An ice beast (D:6)
  An ogre (D:4)
  A phantom (D:5)
  2 kobold brigands (D:5)
  A scorpion (D:5)
  4 killer bees (D:5)
  4 jellies
  2 sleepcaps
  3 iguanas
  6 adders
  4 white imps
  2 worms
  5 dart slugs
  12 orcs
  5 bats
  3 endoplasms (D:2)
  4 giant cockroaches
  4 goblins
  8 hobgoblins
  6 jackals
  13 kobolds
  3 quokkas (D:3)
  9 ball pythons
  4 frilled lizards
  3 rats
113 creatures vanquished.

Notes
Turn   | Place    | Note
-------+----------+-------------------------------------------
     0 | D:5      | croobank the Octopode Delver began the quest for the Orb.
     0 | D:5      | Reached XP level 1. HP: 16/16 MP: 1/1
    25 | D:6      | Noticed a sky beast
    57 | D:4      | Noticed Eustachio
   130 | D:5      | Noticed Prince Ribbit
   130 | D:5      | Noticed an iguana
   130 | D:5      | Noticed a scorpion
   144 | D:3      | Noticed an iguana
   156 | D:3      | Killed an iguana
   157 | D:3      | Reached XP level 2. HP: 6/21 MP: 2/2
   157 | D:3      | Reached XP level 3. HP: 8/26 MP: 3/3
   432 | D:1      | Reached skill level 7 in Stealth
   463 | D:1      | Found Kophik's Weapon Shoppe.
  1103 | D:2      | Reached XP level 4. HP: 31/31 MP: 4/4
  1159 | D:2      | Found a faded altar of an unknown god.
  1439 | D:3      | Identified a scroll of acquirement
  1439 | D:3      | Acquired the +5 quick blade of Fadi {elec, Fly rF+ Str+3}
  2033 | D:4      | Killed Eustachio
  2034 | D:4      | Reached skill level 1 in Spellcasting
  2034 | D:4      | Reached skill level 1 in Ice Magic
  2034 | D:4      | Reached XP level 5. HP: 10/37 MP: 4/6
  2034 | D:4      | Reached XP level 6. HP: 12/43 MP: 4/7
  2449 | D:4      | Learned a level 1 spell: Beastly Appendage
  2497 | D:4      | Reached XP level 7. HP: 48/48 MP: 9/9
  2743 | D:5      | Killed Prince Ribbit
  2744 | D:5      | Reached skill level 8 in Stealth
  2744 | D:5      | Reached skill level 1 in Transmutations
  2888 | D:5      | Found a shimmering altar of Xom.
  2953 | D:5      | Learned a level 2 spell: Wereblood
  3056 | D:5      | Reached XP level 8. HP: 34/54 MP: 10/12
  4061 | D:6      | Reached skill level 5 in Fighting
  4247 | D:6      | Noticed a shadow
  4472 | D:6      | Found a hide-covered altar of Uskayaw.
  4716 | D:6      | Mangled by a shadow

Illustrated notes

Levels and vault maps discovered:
D:1:      giann_horns, layout_basic, serial_shops,
          nicolae_shop_bloodbath_and_beyond, minmay_misc_feat_nine_boxes
D:2:      layout_loops_cross, hellmonk_ecumenical_altar_inner_sanctum
D:3:      layout_basic, gup_sewer_entry_pipe
D:4:      layout_basic, columned_hall_lemuel, uniq_eustachio
D:5:      cheibrodos_thug_alley, layout_basic, nicolae_overflow_crystal_walls,
          uniq_prince_ribbit1
D:6:      layout_gridville, nicolae_uskayaw_murder_on_the_dancefloor

Skill      XL: |  1  2  3  4  5  6  7  8 |
---------------+-------------------------+-----
Stealth        | 7 8 |  8.8
Fighting       | 4 5 |  5.1
Short Blades   | 3 4 |  4.5
Dodging        | 3 4 |  4.5
Spellcasting   | 1 2 4 |  4.0
Ice Magic      | 1 2 |  2.2
Transmutations | 2 3 |  3.7

Action                     |  1- 3 |  4- 6 |  7- 9 || total
---------------------------+-------+-------+-------++-------
  Melee: Short sword       |    45 |     5 |       ||    50
         Constrict         |     3 |    13 |    24 ||    40
         Tentacles         |     4 |    10 |    30 ||    44
         Quick blade       |       |    56 |   129 ||   185
         Kick              |       |       |    38 ||    38
         Punch             |       |       |     3 ||     3
   Fire: Arbalest          |       |       |     3 ||     3
  Throw: Dart              |       |     2 |       ||     2
   Cast: Beastly Appendage |       |     1 |    15 ||    16
         Wereblood         |       |       |    11 ||    11
  Evoke: Wand              |       |       |     1 ||     1
    Use: Scroll            |     2 |     6 |     6 ||    14
         Potion            |     1 |       |     4 ||     5
   Stab: Sleeping          |    21 |    10 |     3 ||    34
         Distracted        |       |     1 |       ||     1
 Armour: Skin              |       |     2 |     4 ||     6
  Dodge: Dodged            |    10 |    18 |    70 ||    98
